 Dungeon Crawl Stone Soup version 0.24-a0-471-g3302cd4 (webtiles) character file.

Game seed: 5455648208987130594

5499 Bitman the Basher (level 10, -14/88 HPs)
             Began as a Minotaur Berserker on July 5, 2019.
             Was an Elder of Trog.
             Killed by the air
             ... invoked by Gastronok
              (27 damage)
             ... on level 9 of the Dungeon.
             The game lasted 00:21:30 (7601 turns).

Bitman the Basher (Minotaur Berserker)              Turns: 7601, Time: 00:21:31

Health: -14/88     AC: 13    Str: 25    XL:     10   Next: 42%
Magic:  18/18      EV: 10    Int:  4    God:    Trog [****..]
Gold:   336        SH:  5    Dex: 10    Spells: 9/9 levels left

rFire    . . .     SeeInvis .   m - +0 morningstar
rCold    + . .     Gourm    .   t - +0 buckler
rNeg     . . .     Faith    .   q - +0 plate armour
rPois    .         Spirit   .   (helmet restricted)
rElec    .         Reflect  .   p - scarf {repulsion}
rCorr    .         Harm     .   (no gloves)
MR       +....                  (no boots)
Stlth    ..........             (no amulet)
HPRegen  0.24/turn              v - ring of protection from cold
MPRegen  0.16/turn              s - ring of magical power

@: berserk cooldown, slowed, repel missiles, very slow
A: retaliatory headbutt, horns 2, magic resistance 1, MP-powered wands
a: Berserk, Trog's Hand, Brothers in Arms, Renounce Religion


You were on level 9 of the Dungeon.
You worshipped Trog.
Trog was greatly pleased with you.
You were not hungry.

You visited 1 branch of the dungeon, and saw 9 of its levels.

You collected 466 gold pieces.
You spent 130 gold pieces at shops.

Inventory:

Hand Weapons
 m - a +0 morningstar (weapon)
Missiles
 f - 216 stones
 l - 8 silver javelins
 y - 3 silver boomerangs
 C - a throwing net (quivered)
Armour
 p - a scarf of repulsion (worn)
 q - a +0 plate armour (worn)
 t - a +0 buckler (worn)
Jewellery
 s - a ring of magical power (right hand)
 v - a ring of protection from cold (left hand)
Wands
 x - a wand of polymorph (7)
 B - a wand of disintegration (15)
Scrolls
 b - a scroll of remove curse
 d - a scroll of blinking
 g - 7 scrolls of identify
 h - a scroll of enchant armour
 i - 4 scrolls of teleportation
 k - a scroll of magic mapping {unknown}
 r - a scroll of fear {unknown}
 u - 2 scrolls of fog
 A - a scroll of enchant weapon {unknown}
Potions
 a - 2 potions of lignification {unknown}
 e - 4 potions of curing {unknown}
 j - 7 potions of heal wounds
 n - a potion of flight {unknown}
 o - 3 potions of haste
 w - a potion of resistance
 z - a potion of agility {unknown}
Comestibles
 c - 5 rations


   Skills:
 + Level 8.1 Fighting
 * Level 10.7 Maces & Flails
 + Level 5.5 Throwing
 + Level 7.6 Armour
 + Level 6.8 Dodging
 + Level 6.4 Shields


You had 9 spell levels left.
You didn't know any spells.
Your spell library was empty.

Dungeon Overview and Level Annotations

Branches:
Dungeon (9/15)             Temple (0/1) D:7
   Lair: D:8-11         Orc: D:9-12

Altars:
Dithmenos
Elyvilon
Hepliaklqana
Makhleb
Qazlal
Vehumet
Yredelemnul

Shops:
D:4 [   D:7 [

Annotations:
D:9 Gastronok


Innate Abilities, Weirdness & Mutations

You reflexively headbutt those who attack you in melee.
You have a pair of horns on your head.
You are resistant to hostile enchantments. (MR+)
You expend magic power (3 MP) to strengthen your wands.


Message History

Gastronok is moderately wounded.
The orc priest hits you but does no damage.
The orc wizard hits you but does no damage.
The orc hits you but does no damage.
The orc priest calls down the wrath of Beogh upon you.
You easily resist.
Gastronok bites you.
* * * LOW HITPOINT WARNING * * *
The orc wizard hits you but does no damage.
The orc wizard barely misses you. You furiously retaliate!
You headbutt the orc wizard.
There is a stone staircase leading up here.
The orc wizard hits you but does no damage.
The orc priest hits you with a +0 war axe.
* * * LOW HITPOINT WARNING * * *
The orc wizard gestures at you while chanting.
The puff of flame is repelled.
The orc wizard hits you but does no damage.
Gastronok waves his eye-stalks in wide circles.
The air twists around and strikes you!
You die...

.........# .........#
.. #######.## #.#
#####.# .. #.....# .#
######.##### ###.#####
#.........####........
#########...##.o......
........#.##@o......
#######.#..oow......
..####........ ####
#######.# .


You could see Gastronok, an orc priest, 2 orc wizards and an orc.

Vanquished Creatures
  A two-headed ogre (D:8)
  Pikel (D:7)
  The ghost of Hedningen the Magician, a novice DECj of Vehumet (D:6)
  A hippogriff (D:7)
  Eustachio (D:6)
  A hungry ghost (D:8)
  2 ice beasts
  4 orc warriors (D:8)
  A sky beast (D:5)
  A black bear (D:8)
  2 necrophages
  3 ogres
  An eye of draining (D:7)
  2 centaurs
  2 bullfrogs
  A gnoll sergeant (D:8)
  7 wights (D:7)
  A howler monkey (D:8)
  5 crimson imps
  A centaur zombie (D:8)
  3 quasits
  A bullfrog zombie (D:7)
  3 jellies
  7 hounds
  2 bullfrog skeletons
  4 orc priests
  Terence (D:3)
  3 iguanas
  4 worker ants
  16 orc wizards
  A howler monkey skeleton (D:6)
  7 gnolls
  15 adders
  4 oozes
  3 worms
  4 dart slugs
  6 leopard geckos
  26 orcs
  5 ball pythons
  11 bats
  7 giant cockroaches
  6 goblins
  9 hobgoblins
  9 jackals
  2 kobolds
  3 quokkas
  4 frilled lizards
  2 giant cockroach zombies
  2 gnoll zombies (D:8)
  A leopard gecko skeleton (D:4)
  9 rats
219 creatures vanquished.

Vanquished Creatures (others)
  3 slaves (D:7)
  A wight (D:7)
4 creatures vanquished.

Grand Total: 223 creatures vanquished

Notes
Turn   | Place    | Note
-------+----------+-------------------------------------------
     0 | D:1      | Bitman the Minotaur Berserker began the quest for the Orb.
     0 | D:1      | Reached XP level 1. HP: 19/19 MP: 0/0
   102 | D:1      | Reached XP level 2. HP: 20/27 MP: 1/1
   515 | D:1      | Reached skill level 4 in Maces & Flails
   779 | D:2      | Reached XP level 3. HP: 33/33 MP: 2/2
   943 | D:2      | Reached ** piety under Trog
  1424 | D:3      | Reached XP level 4. HP: 40/40 MP: 3/3
  1584 | D:3      | Found a radiant altar of Vehumet.
  1594 | D:3      | Noticed Terence
  1606 | D:3      | Killed Terence
  1607 | D:3      | Reached skill level 1 in Throwing
  1765 | D:3      | Reached XP level 5. HP: 37/47 MP: 4/4
  1817 | D:3      | Reached skill level 5 in Maces & Flails
  1973 | D:3      | Reached *** piety under Trog
  2348 | D:4      | Noticed an ogre
  2352 | D:4      | Killed an ogre
  2352 | D:4      | Reached skill level 5 in Fighting
  2352 | D:4      | Reached skill level 1 in Shields
  2352 | D:4      | Reached XP level 6. HP: 56/56 MP: 5/5
  2540 | D:4      | Received a gift from Trog
  2605 | D:4      | Reached skill level 6 in Maces & Flails
  2828 | D:4      | Found Wucho's Antique Armour Boutique.
  2839 | D:4      | Reached XP level 7. HP: 53/61 MP: 6/6
  2847 | D:4      | Bought a cloak for 130 gold pieces
  3124 | D:4      | Gained mutation: You are resistant to hostile enchantments.
                  | (MR+) [potion of mutation]
  3124 | D:4      | Gained mutation: You expend magic power (3 MP) to
                  | strengthen your wands. [potion of mutation]
  3145 | D:5      | Entered Level 5 of the Dungeon
  3394 | D:5      | Reached skill level 7 in Maces & Flails
  3583 | D:5      | Reached XP level 8. HP: 68/70 MP: 7/7
  3585 | D:5      | Reached skill level 5 in Armour
  4208 | D:6      | Reached **** piety under Trog
  4278 | D:6      | Found a large runed translucent door.
  4278 | D:6      | Found a stormy altar of Qazlal.
  4278 | D:6      | Found a large runed translucent door.
  4279 | D:6      | Noticed Hedningen's ghost (novice DECj)
  4293 | D:6      | Killed Hedningen's ghost
  4293 | D:6      | Reached skill level 8 in Maces & Flails
  4293 | D:6      | Reached skill level 5 in Dodging
  4634 | D:6      | Found a hazy altar of Hepliaklqana.
  4634 | D:6      | Found a white marble altar of Elyvilon.
  4634 | D:6      | Found a burning altar of Makhleb.
  4667 | D:6      | Found a shadowy altar of Dithmenos.
  4992 | D:6      | Noticed Eustachio
  4998 | D:6      | Killed Eustachio
  4998 | D:6      | Reached XP level 9. HP: 78/78 MP: 8/8
  5154 | D:7      | Found a staircase to the Ecumenical Temple.
  5247 | D:7      | Noticed Pikel
  5252 | D:7      | Killed Pikel
  5252 | D:7      | Reached skill level 9 in Maces & Flails
  5252 | D:7      | Reached skill level 5 in Shields
  5432 | D:7      | Found Eceu's Antique Armour Shop.
  5716 | D:7      | Received a gift from Trog
  6228 | D:8      | Found a basalt altar of Yredelemnul.
  6346 | D:8      | Reached skill level 5 in Throwing
  6606 | D:8      | Noticed a two-headed ogre
  6613 | D:8      | Killed a two-headed ogre
  6613 | D:8      | Reached skill level 10 in Maces & Flails
  6613 | D:8      | Reached XP level 10. HP: 71/88 MP: 9/9
  7091 | D:8      | Paralysed by fainting for 12 turns
  7588 | D:9      | Noticed Gastronok
  7601 | D:9      | Killed from afar by Gastronok

Levels and vault maps discovered:
D:1:      saegor_arrival_under_anarchy, layout_loops_ring, feat_on_display
D:2:      layout_rooms
D:3:      minmay_recursive_quarters, layout_loops_ring, vehumet_crystals,
          first_ration, minmay_snake_closets, uniq_terence
D:4:      layout_cave_pods, serial_shops, nicolae_shop_overgrown_old_shop
D:5:      minmay_general_purpose_star, layout_loops_ring,
          minmay_a_box_with_orc_wizards_in_it
D:6:      layout_cave_pods, grunt_qazlal_sundering,
          gammafunk_temple_overflow_claw, ebering_ghost_disaster_area,
          nicolae_dithmenos_shadow_blocks, uniq_eustachio
D:7:      layout_gridville, minmay_temple_entry_statues_fountains,
          minmay_shop_grid_forest, uniq_pikel
D:8:      minmay_s_stair_smasher, layout_basic, lemuel_zombie_altar_yredelemnul
D:9:      layout_roguey, hangedman_ranch [blue_anna_fruit_fields], uniq_maurice,
          uniq_gastronok

Skill      XL: |  1  2  3  4  5  6  7  8  9 10 |
---------------+-------------------------------+-----
Fighting       | 4 5 6 7 8 |  8.1
Maces & Flails | 4 5 6 7 8 10 | 10.7
Armour         | 3 4 5 7 |  7.6
Dodging        | 3 4 5 6 |  6.8
Throwing       | 1 2 3 4 5 |  5.5
Shields        | 1 3 4 6 |  6.4

Action                   |  1- 3 |  4- 6 |  7- 9 | 10-12 || total
-------------------------+-------+-------+-------+-------++-------
Melee: Mace              |    76 |    22 |       |       ||    98
       Headbutt          |    11 |    23 |    43 |    21 ||    98
       Flail             |       |   106 |    54 |       ||   160
       Morningstar       |       |       |   205 |   109 ||   314
Invok: Berserk           |     1 |     2 |     8 |     2 ||    13
       Trog's Hand       |       |       |     2 |       ||     2
  Use: Scroll            |       |       |    15 |       ||    15
       Potion            |       |       |     1 |     1 ||     2
 Stab: Distracted        |       |       |     1 |       ||     1
  Eat: Chunk             |     3 |     6 |     9 |     6 ||    24
       Ration            |       |       |     3 |     1 ||     4
Armor: Animal skin       |    16 |    19 |       |       ||    35
       Ring mail         |       |    16 |       |       ||    16
       Chain mail        |       |    12 |   173 |       ||   185
       Plate armour      |       |       |    36 |    60 ||    96
Dodge: Dodged            |    59 |    96 |   155 |    38 ||   348
       Deflected         |       |       |       |     2 ||     2
Block: Buckler           |       |     4 |    62 |    23 ||    89

Table legend:
 A = Non-vault XP
 B = Vault XP
 C = Vault XP percentage of total XP
 D = Non-vault monster count
 E = Vault monster count
 F = Vault count percentage of total count
                 A         B        C        D         E       F
            +---------+---------+-------+---------+---------+-------
      Total |    4858 |    2998 |  38.2 |     169 |      50 |  22.8
            +---------+---------+-------+---------+---------+-------
        D:1 |      34 |       0 |   0.0 |      18 |       0 |   0.0
        D:2 |      57 |       0 |   0.0 |      20 |       0 |   0.0
        D:3 |      47 |     170 |  78.3 |      19 |      21 |  52.5
        D:4 |     505 |       0 |   0.0 |      22 |       0 |   0.0
        D:5 |     367 |     369 |  50.1 |       5 |      11 |  68.8
        D:6 |     669 |     622 |  48.2 |      30 |       2 |   6.2
        D:7 |     930 |     651 |  41.2 |      20 |       1 |   4.8
        D:8 |    2168 |    1186 |  35.4 |      33 |      15 |  31.2
        D:9 |      81 |       0 |   0.0 |       2 |       0 |   0.0
            +---------+---------+-------+---------+---------+-------
